 Dungeon Crawl Stone Soup version 0.26-a0-30-g56b8cd3df0 (webtiles) character file.

Game seed: 10794237108275129582, levelgen mode: deterministic

1022 vurker the Magician (level 7, 0/57 HPs)
             Began as a Demigod Wizard on May 29, 2020.
             Slain by a killer bee (4 damage)
             ... on level 5 of the Dungeon.
             The game lasted 00:07:34 (6450 turns).

vurker the Magician (Demigod Wizard)                Turns: 6450, Time: 00:07:34

Health: 0/57       AC:  4    Str:  8 (10) XL:     7   Next: 71%
Magic:  18/18      EV: 12    Int: 24 (26) God:
Gold:   230        SH:  0    Dex: 12 (14) Spells: 12/17 levels left

rFire    + . .     SeeInvis .   q - +2 quarterstaff (holy)
rCold    . . .     Gourm    .   (shield currently unavailable)
rNeg     . . .     Faith    .   a - +0 robe
rPois    .         Spirit   .   s - +0 helmet
rElec    .         Reflect  .   (no cloak)
rCorr    .         Harm     .   (no gloves)
MR       .....                  k - +0 pair of boots
Stlth    ++........             (no amulet)
HPRegen  0.19/turn              g - ring of protection from fire
MPRegen  0.16/turn              (no ring)

@: lethally poisoned (0 -> -27)
A: high mp 1
a: no special abilities


You were on level 5 of the Dungeon.
You were not hungry.

You visited 1 branch of the dungeon, and saw 5 of its levels.

You collected 230 gold pieces.

Inventory:

Hand Weapons
 q - a +2 quarterstaff of holy wrath (weapon)
   (You found it on level 4 of the Dungeon)
Armour
 a - a +0 robe (worn)
 k - a +0 pair of boots (worn)
   (You found it on level 1 of the Dungeon)
 s - a +0 helmet (worn)
   (You found it on level 2 of the Dungeon)
Jewellery
 g - a ring of protection from fire (left hand)
   (You found it on level 2 of the Dungeon)
Scrolls
 b - a scroll of fog {unknown}
 c - 2 scrolls of enchant armour {unknown}
 f - 2 scrolls of teleportation {unknown}
 h - a scroll of amnesia {unknown}
 j - 3 scrolls of identify {unknown}
 m - 2 scrolls of remove curse
 n - 2 scrolls of blinking {unknown}
 o - a scroll of random uselessness {unknown}
 p - a scroll of magic mapping
 r - a scroll of vulnerability {unknown}
 x - a scroll of immolation {unknown}
Potions
 d - a potion of flight
 l - a potion of stabbing
 t - 2 potions of haste
Comestibles
 e - 4 rations


   Skills:
 + Level 3.4 Fighting
 - Level 1.7 Dodging
 - Level 1.7 Stealth
 * Level 5.6 Spellcasting
 * Level 5.3 Conjurations
 - Level 0.8 Summonings
 - Level 0.8 Translocations


You had 12 spell levels left.
You knew the following spells:

 Your Spells              Type           Power        Failure   Level  Hunger
a - Magic Dart            Conj           ####         1%          1    None
b - Call Imp              Summ           ##......     9%          2    None
w - Blink                 Tloc           N/A          9%          2    None

Your spell library contained the following spells:

 Spells                   Type           Power        Failure   Level  Hunger
 Searing Ray              Conj           ####..       1%          2    None
 Summon Small Mammal      Summ           ##..         6%          1    None
 Conjure Flame            Conj/Fire      ###.....     9%          3    #......
 Dazzling Flash           Conj/Hex       ###...       9%          3    #......
 Mephitic Cloud           Conj/Pois/Air  ###.....     12%         3    #......
 Slow                     Hex            #.......     13%         2    None
 Call Canine Familiar     Summ           ##......     17%         3    #......
 Summon Guardian Golem    Hex/Summ       #.......     21%         3    #......
 Iskenderun's Mystic Bla  Conj/Tloc      ###.....     22%         4    ###....
 Fulminant Prism          Conj/Hex       ###.......   26%         4    ###....
 Summon Ice Beast         Ice/Summ       #.......     56%         4    ###....
 Summon Lightning Spire   Summ/Air       #.......     56%         4    ###....


Dungeon Overview and Level Annotations

Branches:
Dungeon (5/15)
 Temple: D:4-7


Innate Abilities, Weirdness & Mutations

You have an increased reservoir of magic. (+10% MP)


Message History

Your magical contamination has completely faded away.
You hear the quick hiss of an avalanche of sand nearby.
You hear the rapid hiss of an avalanche of sand nearby.
You hear the rapid hiss of an avalanche of sand nearby.
All of the chunks of flesh in your inventory have rotted away.
You hear the rapid hiss of an avalanche of sand nearby.
You hear the rapid hiss of an avalanche of sand nearby.
The hiss of flowing sand is almost imperceptible now.
The walls and floor vibrate strangely for a moment.
You now have 230 gold pieces (gained 13).
Found a metal-bound book.
A quokka, 3 killer bees and a sky beast come into view.
The killer bee buzzes angrily.
You hear an angry buzzing noise.
The killer bee buzzes angrily.
You hear an angry buzzing noise.
A killer bee comes into view.
You hear an angry buzzing noise.
The killer bee buzzes angrily.
Found a stone staircase leading down.
You hear a shout!
The killer bee stings you.
You see here a book of Conjurations.
You pick up a book of Conjurations and begin reading...
You add the spells Searing Ray, Dazzling Flash, Fulminant Prism and Iskenderun's Mystic Blast to your library.
The killer bee stings you.
You are poisoned.
The killer bee poisons you! The killer bee stings you!
You are more poisoned.
The killer bee poisons you! The killer bee stings you.
You are more poisoned.
The killer bee poisons you! The killer bee misses you.
There's nothing to open nearby.
You feel sick. The killer bee stings you.
* * * LOW HITPOINT WARNING * * *
The killer bee barely misses you. x2; The killer bee stings you.
* * * LOW HITPOINT WARNING * * *
Unknown command.
You feel sick. The killer bee stings you.
* * * LOW HITPOINT WARNING * * *
A killer bee comes into view.
The killer bee stings you.
* * * LOW HITPOINT WARNING * * *
You are more poisoned.
The killer bee poisons you! The killer bee stings you.
* * * LOW HITPOINT WARNING * * *
You are more poisoned.
The killer bee poisons you! The killer bee barely misses you.
* * * LOW HITPOINT WARNING * * *
You feel sick.
The killer bee buzzes angrily.
The killer bee stings you.
You die...

........# ........#
........# ........+
........# ###.
......(.###########yy...
................@yryY..>
#####รท#.........y######.
....)...............#
#####'#.#<.....#.##.# .#
#.........#.#.##)# .#
#....._...#.#.##.## ..
#...._8_..# #.##..##.#
#....._...# #.###.##.#
##+#......# #.# #..#.#


You could see a sky beast, 5 killer bees and a quokka.

Vanquished Creatures
  Grinder (D:3)
  Sigmund (D:3)
  A phantom (D:5)
  A centaur (D:5)
  A scorpion (D:5)
  2 crimson imps (D:5)
  3 hounds
  An orc priest (D:4)
  A bullfrog skeleton (D:5)
  A centaur skeleton (D:5)
  A hound zombie (D:5)
  A worker ant zombie (D:5)
  9 adders
  A shadow imp (D:5)
  2 oozes
  5 worms
  3 dart slugs
  4 leopard geckos
  3 orcs (D:4)
  12 bats
  3 giant cockroaches
  5 goblins
  12 hobgoblins
  4 jackals
  7 kobolds
  2 quokkas
  A ball python zombie (D:5)
  3 frilled lizards (D:1)
  A leopard gecko skeleton (D:5)
  9 rats
101 creatures vanquished.

Vanquished Creatures (collateral kills)
  Terence (D:2)
1 creature vanquished.

Grand Total: 102 creatures vanquished

Notes
Turn   | Place    | Note
-------+----------+-------------------------------------------
     0 | D:1      | vurker the Demigod Wizard began the quest for the Orb.
     0 | D:1      | Reached XP level 1. HP: 14/14 MP: 6/6
    31 | D:1      | Reached skill level 1 in Conjurations
   533 | D:1      | Reached XP level 2. HP: 22/22 MP: 5/8
  1268 | D:2      | Learned a level 2 spell: Call Imp
  1271 | D:2      | Learned a level 2 spell: Blink
  1527 | D:2      | Reached XP level 3. HP: 27/27 MP: 6/10
  1616 | D:2      | Reached skill level 1 in Fighting
  1676 | D:2      | You fall into a shaft and drop 2 floors!
  1804 | D:4      | Found a white marble altar of Elyvilon.
  1826 | D:4      | Reached XP level 4. HP: 17/35 MP: 2/12
  2310 | D:3      | Noticed Sigmund
  2320 | D:3      | Killed Sigmund
  2320 | D:3      | Reached XP level 5. HP: 14/41 MP: 3/14
  3204 | D:2      | Noticed Terence
  3221 | D:2      | Killed Terence
  3478 | D:2      | Reached XP level 6. HP: 47/48 MP: 9/15
  4034 | D:3      | Noticed Grinder
  4887 | D:3      | Paralysed by Grinder for 3 turns
  4910 | D:3      | Paralysed by Grinder for 6 turns
  4917 | D:3      | Killed Grinder
  5595 | D:5      | Entered Level 5 of the Dungeon
  5702 | D:5      | Reached skill level 5 in Spellcasting
  5702 | D:5      | Reached XP level 7. HP: 38/56 MP: 4/17
  5905 | D:5      | Found a shimmering blue altar of Sif Muna.
  5905 | D:5      | Found a shimmering altar of Xom.
  5905 | D:5      | Found a snail-covered altar of Cheibriados.
  5905 | D:5      | Found an iron altar of Okawaru.
  6073 | D:5      | Reached skill level 5 in Conjurations
  6118 | D:5      | HP: 2/57 [poisoned by an adder]
  6126 | D:5      | HP: 1/57 [poisoned by an adder]
  6132 | D:5      | HP: 1/57 [poisoned by an adder]
  6138 | D:5      | HP: 1/57 [poisoned by an adder]
  6144 | D:5      | HP: 1/57 [poisoned by an adder]
  6450 | D:5      | Slain by a killer bee

Illustrated notes

Levels and vault maps discovered:
D:1:      psy_arrival_wood_between_worlds, layout_basic, serial_rivers,
          chequers_serial_rivers_micro_b, chequers_serial_rivers_large_a,
          chequers_serial_rivers_micro_a, chequers_serial_rivers_micro_a,
          chequers_serial_rivers_marsh, bh_walls_and_bars
D:2:      layout_basic, first_ration, uniq_terence
D:3:      layout_loops_ring, uniq_grinder, uniq_sigmund
D:4:      layout_rooms, nicolae_overflow_crystal_walls
D:5:      layout_basic, chequers_temple_overflow_statue_of_worship,
          serial_shops, shop, nicolae_ossuary_entry_ruins

Skill      XL: |  1  2  3  4  5  6  7 |
---------------+----------------------+-----
Conjurations   | 1 2 3 4 5 |  5.3
Spellcasting   | 3 4 5 |  5.6
Fighting       | 1 2 3 |  3.4
Dodging        | |  1.7
Stealth        | |  1.7
Summonings     | |  0.8
Translocations | |  0.8

Action                   |  1- 3 |  4- 6 |  7- 9 || total
-------------------------+-------+-------+-------++-------
Melee: Unarmed           |    10 |       |       ||    10
       Quarterstaff      |     5 |    28 |    34 ||    67
 Cast: Magic Dart        |    83 |   131 |    55 ||   269
       Call Imp          |       |    21 |       ||    21
  Use: Scroll            |     2 |       |       ||     2
       Potion            |       |       |     7 ||     7
 Stab: Sleeping          |       |     1 |       ||     1
       Invisible         |       |       |     1 ||     1
  Eat: Chunk             |     3 |     8 |     2 ||    13
       Ration            |       |     1 |       ||     1
Armor: Robe              |     3 |    13 |    10 ||    26
Dodge: Dodged            |    20 |    36 |    39 ||    95

Table legend:
 A = Non-vault XP
 B = Vault XP
 C = Vault XP percentage of total XP
 D = Non-vault monster count
 E = Vault monster count
 F = Vault count percentage of total count
                 A         B        C        D         E       F
            +---------+---------+-------+---------+---------+-------
      Total |     978 |     483 |  33.1 |      99 |       3 |   2.9
            +---------+---------+-------+---------+---------+-------
        D:1 |      35 |       0 |   0.0 |      18 |       0 |   0.0
        D:2 |      61 |      23 |  27.4 |      22 |       1 |   4.3
        D:3 |      86 |     460 |  84.2 |      28 |       2 |   6.7
        D:4 |     118 |       0 |   0.0 |       9 |       0 |   0.0
        D:5 |     678 |       0 |   0.0 |      22 |       0 |   0.0
            +---------+---------+-------+---------+---------+-------
